Map: Wolfe Industries Compound

Players

Oro

  • Race: Protoss Protoss
  • League: Gold
  • Spawn Location: 12:00

Erxus

  • Race: Protoss Protoss
  • League: Gold
  • Spawn Location: 3:00

JohnMcClane - Winner!

  • Race: Terran Terran
  • League: Silver
  • Spawn Location: 7:00

Hindulaatti - Winner!

  • Race: Protoss Protoss
  • Spawn Location: 7:00

VOD

Have the link to the VOD?

Description

Time

  • Played on: Feb. 2, 2016, 5:35 a.m.
  • Length: 11:06
Show
View Real Time Build Order
Export as new Build Order

Oro Protoss 

Build Orders: Nexus First 

Get SALT Encoding   

  12  0:02  Probe (Chrono Boost)  
  13  0:12  Probe (Chrono Boost)  
  14  0:20  Pylon  
  14  0:23  Probe (Chrono Boost)  
  15  0:38  Probe (Chrono Boost)  
  16  0:49  Probe (Chrono Boost)  
  17  1:00  Nexus  
  17  1:03  Probe (Chrono Boost)  
  18  1:14  Gateway  
  18  1:20  Assimilator  
  18  1:24  Probe (Chrono Boost)  
  19  1:29  Assimilator  
  19  1:35  Probe (Chrono Boost)  
  20  1:45  Probe (Chrono Boost)  
  21  1:56  Probe (Chrono Boost)  
  22  2:01  Cybernetics Core  
  22  2:06  Probe (Chrono Boost)  
  23  2:16  Gateway  
  23  2:17  Probe (Chrono Boost)  
  24  2:27  Probe x2 (Chrono Boost)  
  26  2:33  Pylon  
  26  2:38  Probe (Chrono Boost)  
  26  2:40  Mothership Core (Chrono Boost)  
  26  2:41  Zealot  
  31  2:53  Probe (Chrono Boost)  
  31  2:58  Probe (Chrono Boost)  
  33  3:04  Probe (Chrono Boost)  
  33  3:08  Gateway  
  33  3:09  Probe (Chrono Boost)  
  34  3:18  Assimilator  
  34  3:19  Pylon  
  29  3:33  Probe x2 (Chrono Boost)  
  29  3:43  Probe x2 (Chrono Boost)  
  29  3:44  Stalker x2  
  29  3:46  Warp Gate  
  35  3:52  Assimilator  
  35  3:54  Probe x2 (Chrono Boost)  
  35  4:04  Probe (Chrono Boost)  
  36  4:15  Probe x2 (Chrono Boost)  
  38  4:25  Probe x2 (Chrono Boost)  
  40  4:36  Probe x2 (Chrono Boost)  
  42  4:46  Probe x2 (Chrono Boost)  
  44  4:57  Probe x2 (Chrono Boost)  
  46  5:07  Probe x2 (Chrono Boost)  
  46  5:10  Robotics Facility  
  46  5:12  Gateway  
  48  5:14  Pylon  
  48  5:16  Pylon  
  48  5:18  Probe x2 (Chrono Boost)  
  51  5:28  Probe (Chrono Boost)  
  51  5:29  Probe (Chrono Boost)  
  52  5:39  Probe x2 (Chrono Boost)  
  54  5:42  Pylon  
  54  5:44  Pylon  
  54  5:47  Gateway x2  
  54  5:49  Probe (Chrono Boost)  
  53  5:50  Gateway  
  43  6:03  Stargate  
  43  6:05  Probe x2 (Chrono Boost)  
  43  6:07  Stargate  
  43  6:08  Stalker x3  
  51  6:15  Probe x2 (Chrono Boost)  
  53  6:22  Observer (Chrono Boost)  
  53  6:24  Probe  
  54  6:26  Probe  
  56  6:35  Probe  
  56  6:38  Probe  
  56  6:39  Gateway  
  58  6:41  Warp Prism (Chrono Boost)  
  60  6:50  Phoenix x2  
  64  6:56  Stalker  
  64  6:57  Stalker x4  
  74  7:06  Probe  
  74  7:07  Twilight Council, Probe  
  76  7:15  Phoenix x2  
  80  7:23  Probe  
  80  7:24  Probe  
  82  7:40  Phoenix x2  
  86  7:45  Blink, Nexus  
  86  7:49  Robotics Bay  
  76  8:19  Probe  
  77  8:23  Robotics Facility  
  76  8:37  Observer (Chrono Boost)  
  77  8:44  Extended Thermal Lance  
  77  8:46  Phoenix x2  
  81  9:06  Probe x2  
  81  9:07  Probe  
  84  9:10  Colossus x2 (Chrono Boost)  
  84  9:16  Probe  
  96  9:18  Probe  
  96  9:19  Probe  
  96  9:21  Pylon  
  99  9:28  Forge x2  
  99  9:31  Probe  
  100  9:38  Pylon  
  100  9:39  Pylon  
  100  9:41  Pylon  
  100  9:43  Pylon x2  
  100  9:52  Assimilator  
  100  9:55  Assimilator  
  100  9:56  Pylon  
  100  9:58  Colossus (Chrono Boost)  
  100  9:59  Pylon  
  106  10:02  Pylon  
  106  10:05  Colossus (Chrono Boost), Nexus  
  111  10:22  Photon Cannon  
  111  10:25  Photon Cannon  
  89  10:43  Zealot  
  89  10:44  Zealot x7  
Show
View Real Time Build Order
Export as new Build Order

Erxus Protoss 

Build Orders:  

Get SALT Encoding   

  12  0:01  Probe (Chrono Boost)  
  13  0:11  Probe (Chrono Boost)  
  14  0:19  Pylon  
  14  0:22  Probe (Chrono Boost)  
  15  0:38  Gateway, Probe (Chrono Boost)  
  16  0:48  Probe (Chrono Boost)  
  17  0:50  Assimilator  
  17  1:00  Gateway  
  17  1:03  Probe (Chrono Boost)  
  18  1:10  Pylon  
  18  1:14  Probe (Chrono Boost)  
  19  1:29  Cybernetics Core  
  19  1:36  Assimilator  
  19  1:37  Probe (Chrono Boost)  
  20  1:52  Probe (Chrono Boost)  
  21  2:05  Nexus  
  21  2:08  Probe (Chrono Boost)  
  22  2:18  Adept  
  22  2:20  Adept  
  22  2:22  Warp Gate (Chrono Boost)  
  28  2:30  Mothership Core (Chrono Boost)  
  28  2:48  Probe (Chrono Boost)  
  29  3:01  Adept  
  31  3:11  Pylon  
  31  3:14  Pylon  
  31  3:16  Adept, Probe (Chrono Boost)  
  34  3:20  Probe  
  35  3:28  Probe  
  35  3:30  Probe  
  37  3:47  Adept x2  
  29  4:08  Probe  
  29  4:09  Probe  
  31  4:17  Pylon  
  31  4:20  Probe  
  31  4:22  Probe  
  33  4:28  Stalker  
  33  4:29  Stalker  
  33  4:30  Probe  
  37  4:34  Probe  
  39  4:41  Probe  
  40  4:46  Probe  
  41  4:57  Forge  
  39  5:03  Probe  
  39  5:04  Probe  
  41  5:10  Pylon  
  41  5:13  Pylon  
  41  5:14  Probe  
  41  5:18  Probe  
  43  5:30  Protoss Ground Weapons Level 1 (Chrono Boost)  
  43  5:38  Photon Cannon  
  43  5:44  Probe  
  43  5:45  Probe  
  45  5:57  Stalker  
  45  5:58  Stalker  
  49  6:17  Probe x2  
  51  6:30  Photon Cannon  
  51  6:32  Pylon  
  49  6:52  Probe  
  49  6:53  Probe  
  50  7:03  Probe  
  50  7:04  Photon Cannon  
  50  7:05  Probe  
  52  7:12  Assimilator  
  52  7:13  Probe  
  52  7:14  Assimilator  
  53  7:18  Probe  
  53  7:21  Photon Cannon  
  54  7:23  Pylon  
  54  7:24  Probe  
  54  7:26  Pylon  
  55  7:42  Photon Cannon  
  55  7:45  Probe  
  55  7:47  Probe  
  55  7:50  Stalker  
  55  7:51  Stalker  
  61  8:07  Probe  
  61  8:09  Probe  
  63  8:23  Pylon, Nexus  
  63  8:26  Pylon  
  57  8:30  Pylon  
  57  8:31  Pylon  
  56  8:40  Photon Cannon  
  56  8:49  Probe, Photon Cannon  
  56  8:50  Probe  
  56  8:52  Photon Cannon  
  56  8:53  Zealot x2  
  62  8:59  Probe  
  62  9:02  Probe  
  64  9:10  Assimilator, Probe  
  64  9:15  Twilight Council, Protoss Ground Armor Level 1 (Chrono Boost)  
  64  9:16  Gateway  
  65  9:19  Gateway  
  65  9:23  Probe x2  
  67  9:39  Zealot x2  
  67  9:41  Probe  
  67  9:42  Probe  
  67  9:43  Probe  
  74  9:53  Photon Cannon  
  74  9:57  Photon Cannon  
  74  10:02  Photon Cannon  
  74  10:08  Probe  
  74  10:09  Probe  
  74  10:12  Probe  
  77  10:15  Sentry x2  
  50  10:43  Zealot  
  50  10:44  Zealot x3  
Show
View Real Time Build Order
Export as new Build Order

JohnMcClane Terran - Winner!

Build Orders: MMM Bio 

Get SALT Encoding   

  12  0:01  SCV  
  13  0:13  SCV  
  14  0:22  Supply Depot  
  14  0:29  SCV  
  15  0:42  Refinery  
  15  0:46  SCV  
  16  1:03  SCV  
  17  1:08  Barracks  
  17  1:10  Barracks  
  17  1:15  SCV  
  18  1:27  SCV  
  18  1:32  Supply Depot  
  19  1:41  SCV  
  20  1:51  Engineering Bay  
  20  1:53  SCV  
  21  1:57  Reaper  
  21  1:58  Reaper  
  23  2:06  Orbital Command  
  23  2:29  Reaper  
  24  2:31  Reaper  
  24  2:35  SCV  
  26  2:40  Supply Depot  
  25  3:01  Reaper  
  26  3:06  Command Center  
  26  3:09  Reaper  
  27  3:17  SCV  
  27  3:29  SCV  
  28  3:36  Reaper  
  27  3:48  Reaper  
  27  3:53  Refinery  
  27  3:54  Supply Depot  
  26  4:24  SCV  
  26  4:28  Command Center  
  26  4:31  Barracks  
  26  4:32  Barracks  
  26  4:36  SCV  
  26  4:47  Orbital Command  
  26  4:49  SCV  
  26  4:50  Missile Turret  
  27  4:59  Barracks  
  27  5:01  SCV  
  27  5:02  Barracks  
  27  5:13  SCV  
  28  5:15  Missile Turret  
  28  5:25  Factory, SCV  
  28  5:26  Barracks Tech Lab, Terran Infantry Weapons Level 1  
  28  5:27  Barracks Reactor  
  29  5:45  SCV  
  29  5:48  Stimpack  
  30  5:56  Barracks Tech Lab, Barracks Reactor  
  30  5:58  SCV  
  31  6:10  SCV  
  32  6:12  Factory Reactor  
  32  6:13  Missile Turret  
  32  6:15  Missile Turret  
  32  6:18  Barracks Tech Lab  
  32  6:19  Barracks Reactor  
  32  6:22  Marine, SCV  
  32  6:23  Marine x2  
  32  6:24  Marauder  
  38  6:27  Bunker  
  38  6:28  Refinery  
  38  6:31  Refinery  
  38  6:34  Refinery, SCV  
  38  6:37  Refinery  
  39  6:40  Marine x2  
  39  6:41  Marine  
  39  6:42  Marine x2  
  39  6:45  Combat Shields  
  44  7:01  Bunker  
  44  7:03  Bunker  
  44  7:05  Concussive Shells  
  44  7:13  SCV x2  
  44  7:14  Starport  
  46  7:18  Marine x2  
  46  7:19  Marauder, Marine x4  
  46  7:20  Marauder  
  56  7:28  Planetary Fortress  
  56  7:42  Marauder, Marine x2  
  60  7:44  Terran Infantry Armor Level 1  
  60  7:54  Starport  
  60  7:55  Medivac  
  62  8:11  Marauder, Marine x5  
  62  8:12  Marauder, Marine  
  72  8:13  Medivac  
  72  8:16  Marauder  
  76  8:21  SCV  
  77  8:31  Supply Depot  
  77  8:33  Supply Depot, Armory  
  77  8:36  Starport Reactor  
  77  8:37  Engineering Bay  
  77  8:48  Supply Depot  
  77  8:51  Supply Depot  
  77  8:52  Supply Depot  
  77  8:53  Medivac, Marauder, Marine x3, SCV  
  77  8:55  Marauder, Marine x2, SCV  
  90  9:09  Command Center  
  90  9:17  Medivac x2  
  92  9:21  Supply Depot  
  94  9:41  Refinery  
  94  9:42  Marauder, Marine x4  
  94  9:43  Refinery  
  100  9:55  Marauder, Marine x2  
  100  9:56  Medivac x2  
  108  10:02  Supply Depot  
  108  10:06  Missile Turret x2  
  108  10:29  Medivac x2, Marine  
  108  10:30  Marauder, Marine  
Show
View Real Time Build Order
Export as new Build Order

Hindulaatti Protoss - Winner!

Build Orders: Oracle Opening 

Get SALT Encoding   

  12  0:01  Probe (Chrono Boost)  
  13  0:11  Probe (Chrono Boost)  
  14  0:18  Pylon  
  14  0:30  Probe (Chrono Boost)  
  15  0:41  Probe (Chrono Boost), Gateway  
  16  0:51  Assimilator, Probe (Chrono Boost)  
  17  1:05  Probe (Chrono Boost)  
  17  1:11  Pylon  
  18  1:19  Probe (Chrono Boost)  
  19  1:28  Cybernetics Core  
  19  1:32  Probe (Chrono Boost)  
  20  1:34  Assimilator  
  20  1:45  Probe (Chrono Boost)  
  21  1:52  Pylon  
  21  1:55  Probe (Chrono Boost)  
  22  2:08  Stargate  
  22  2:11  Probe (Chrono Boost)  
  23  2:22  Probe (Chrono Boost)  
  24  2:24  Stalker  
  24  2:26  Warp Gate  
  26  2:34  Pylon  
  26  2:35  Probe (Chrono Boost)  
  27  2:54  Probe (Chrono Boost)  
  28  3:00  Oracle  
  31  3:09  Probe (Chrono Boost)  
  32  3:19  Nexus  
  32  3:32  Probe (Chrono Boost)  
  33  3:36  Oracle  
  33  3:37  Stalker  
  38  3:52  Probe (Chrono Boost)  
  39  4:02  Probe (Chrono Boost)  
  40  4:10  Stalker  
  40  4:12  Oracle  
  40  4:13  Probe (Chrono Boost)  
  40  4:15  Pylon  
  46  4:17  Pylon  
  46  4:29  Assimilator  
  46  4:31  Assimilator  
  46  4:37  Twilight Council  
  46  4:50  Gateway x2  
  46  4:51  Probe x2 (Chrono Boost)  
  48  5:01  Probe (Chrono Boost)  
  48  5:02  Void Ray, Probe (Chrono Boost)  
  54  5:14  Pylon  
  54  5:15  Pylon  
  54  5:27  Probe (Chrono Boost)  
  55  5:32  Nexus  
  55  5:33  Pylon  
  55  5:34  Probe (Chrono Boost)  
  56  5:38  Probe (Chrono Boost)  
  57  5:45  Probe (Chrono Boost)  
  57  5:48  Probe (Chrono Boost)  
  59  5:59  Blink, Stalker x2  
  59  6:00  Stalker  
  65  6:06  Probe (Chrono Boost)  
  65  6:07  Probe (Chrono Boost)  
  67  6:12  Assimilator  
  67  6:15  Pylon  
  67  6:20  Dark Shrine  
  67  6:22  Pylon  
  67  6:27  Void Ray  
  71  6:41  Probe (Chrono Boost)  
  71  6:42  Probe (Chrono Boost)  
  71  6:43  Stalker x3  
  79  6:55  Gateway  
  79  6:57  Gateway  
  79  6:58  Pylon  
  79  6:59  Probe x2 (Chrono Boost)  
  79  7:00  Probe (Chrono Boost)  
  82  7:09  Probe (Chrono Boost)  
  83  7:17  Pylon  
  83  7:19  Void Ray  
  83  7:22  Probe x3 (Chrono Boost)  
  90  7:33  Probe (Chrono Boost)  
  90  7:35  Dark Templar x3  
  92  7:56  Probe x3 (Chrono Boost)  
  95  8:07  Probe (Chrono Boost)  
  95  8:12  Void Ray  
  97  8:32  Stalker x3  
  85  8:44  Stalker  
  85  8:45  Stalker  
  89  8:51  Assimilator  
  89  8:52  Probe x3 (Chrono Boost)  
  92  8:58  Charge (Chrono Boost)  
  92  9:00  Dark Templar x2  
  92  9:01  Dark Templar  
  92  9:02  Probe (Chrono Boost)  
  97  9:15  Robotics Facility, Pylon  
  97  9:16  Probe x2 (Chrono Boost)  
  96  9:17  Probe (Chrono Boost)  
  96  9:22  Archon  
  98  9:29  Probe  
  99  9:36  Zealot x5  
  99  9:37  Nexus  
  109  9:39  Pylon  
  109  9:46  Pylon  
  109  9:57  Stalker x5  
  119  10:08  Gateway  
  119  10:09  Gateway  
  119  10:11  Gateway  
  119  10:13  Observer  
  120  10:14  Gateway  
  120  10:15  Void Ray, Assimilator  
  120  10:20  Assimilator  
  116  10:37  Stalker x5  
  122  10:43  Gateway  
  122  10:46  Gateway  
Tags
 
Add a new tag
Caveats
  • Supply blocks, unpowered buildings, or Contaminate may cause inaccurate times.
  • Supply counts are checked every 10 seconds.